[ AOE2 MATCH · #505590821 ]
UnrankedPortuguese vs Britons
Player's team · LOSS
Rival team · WIN
[ REPLAY ANALYSIS · EXTRACTED FROM THE RECORDED GAME ]
Feudal
13:09
Castle
16:39
Imperial
32:08
| APM avg | 31.3 |
| APM peak | 76 |
| eAPM avg | 18.1 |
| Villagers / military | 57 / 37 |
Focus
⚔️ 34.9% · 🌾 65.1%
Petard ×22 · Battering Ram ×7 · Trebuchet (Packed) ×5 · Organ Gun ×2 · Mangonel ×1
Feudal
12:32
Castle
16:02
Imperial
29:33
| APM avg | 51.2 |
| APM peak | 102 |
| eAPM avg | 27.3 |
| Villagers / military | 66 / 27 |
Focus
⚔️ 20.9% · 🌾 79.1%
Longbowman ×17 · Mangonel ×5 · Trebuchet (Packed) ×4 · Monk ×1
Match map
Initial resources + every placement click. Lines = walls · curves = elevation contours. ◆ gold · ⬟ stone · ● berries · ✦ relic · ◌ wall gap
Your base· ✓ Closed at 16:39 · 27t walls · no gate
killtabig's base· ✓ Closed at 16:02 · 16t walls · no gate
Smoothed initial terrain · ◌ = detected wall gap · hover for details
Inputs per minute
— Player46887455 - - killtabig
Build order — Player46887455
First 150 of 175 actions detected
| 0:00 | Create | Villager (Male) |
| 0:01 | Create | Villager (Male) |
| 0:01 | Create | Villager (Male) |
| 0:02 | Build | House |
| 0:02 | Build | House |
| 0:07 | Create | Villager (Male) |
| 1:15 | Build | House |
| 1:38 | Create | Villager (Male) |
| 1:38 | Create | Villager (Male) |
| 2:01 | Create | Villager (Male) |
| 2:01 | Create | Villager (Male) |
| 2:38 | Create | Villager (Male) |
| 2:38 | Create | Villager (Male) |
| 2:49 | Create | Villager (Male) |
| 2:49 | Create | Villager (Male) |
| 2:49 | Create | Villager (Male) |
| 2:56 | Build | Lumber Camp |
| 3:33 | Create | Villager (Male) |
| 3:34 | Create | Villager (Male) |
| 3:34 | Create | Villager (Male) |
| 3:34 | Create | Villager (Male) |
| 4:08 | Research | Loom |
| 4:25 | Create | Villager (Male) |
| 4:44 | Build | House |
| 4:53 | Create | Villager (Male) |
| 4:53 | Create | Villager (Male) |
| 4:53 | Create | Villager (Male) |
| 5:14 | Build | Palisade Wall |
| 5:21 | Build | Mill |
| 5:56 | Build | House |
| 5:57 | Build | Palisade Wall |
| 5:58 | Build | Palisade Wall |
| 6:08 | Create | Villager (Male) |
| 6:34 | Create | Villager (Male) |
| 6:55 | Build | Outpost |
| 7:01 | Create | Villager (Male) |
| 7:23 | Build | Palisade Wall |
| 7:28 | Create | Villager (Male) |
| 7:31 | Build | Farm |
| 7:50 | Create | Villager (Male) |
| 8:13 | Build | Palisade Wall |
| 8:16 | Create | Villager (Male) |
| 8:32 | Build | Mining Camp |
| 8:51 | Create | Villager (Male) |
| 8:55 | Build | House |
| 8:57 | Build | Palisade Wall |
| 8:58 | Build | Palisade Wall |
| 9:08 | Create | Villager (Male) |
| 9:20 | Build | Farm |
| 9:30 | Build | Palisade Wall |
| 9:40 | Create | Villager (Male) |
| 9:46 | Build | Farm |
| 9:57 | Create | Villager (Male) |
| 10:06 | Build | Farm |
| 10:09 | Build | Farm |
| 10:13 | Create | Villager (Male) |
| 10:37 | Build | Mining Camp |
| 10:38 | Research | Feudal Age |
| 10:45 | Build | Farm |
| 11:04 | Build | Farm |
| 11:38 | Create | Villager (Male) |
| 11:38 | Create | Villager (Male) |
| 12:17 | Build | Farm |
| 13:09 | Age | Feudal Age |
| 13:10 | Build | Market |
| 13:12 | Build | Blacksmith |
| 13:22 | Build | House |
| 13:24 | Build | Palisade Wall |
| 13:58 | Research | Castle Age |
| 14:01 | Research | Double-Bit Axe |
| 14:34 | Research | Gold Mining |
| 14:51 | Research | Stone Mining |
| 15:37 | Create | Villager (Male) |
| 15:37 | Create | Villager (Male) |
| 15:59 | Build | Farm |
| 16:39 | Age | Castle Age |
| 16:41 | Build | Castle |
| 16:46 | Build | Siege Workshop |
| 17:05 | Create | Villager (Male) |
| 17:10 | Build | Stone Wall |
| 17:35 | Create | Battering Ram |
| 17:42 | Build | Stone Wall |
| 17:50 | Create | Villager (Male) |
| 17:56 | Create | Petard |
| 17:56 | Create | Petard |
| 18:06 | Research | Bow Saw |
| 18:14 | Create | Villager (Male) |
| 18:25 | Create | Battering Ram |
| 18:47 | Create | Petard |
| 18:47 | Create | Petard |
| 18:51 | Build | Farm |
| 18:57 | Create | Villager (Male) |
| 18:58 | Create | Villager (Male) |
| 19:00 | Build | Farm |
| 19:11 | Create | Villager (Male) |
| 19:11 | Create | Villager (Male) |
| 19:15 | Research | Horse Collar |
| 19:21 | Create | Battering Ram |
| 19:38 | Create | Petard |
| 19:38 | Create | Petard |
| 19:40 | Create | Villager (Male) |
| 20:09 | Create | Petard |
| 20:16 | Build | House |
| 20:16 | Build | House |
| 20:18 | Create | Villager (Male) |
| 20:25 | Build | Farm |
| 20:36 | Build | Mill |
| 20:43 | Build | Stone Wall |
| 20:52 | Create | Petard |
| 20:59 | Build | Farm |
| 21:01 | Build | Farm |
| 21:10 | Create | Petard |
| 21:25 | Create | Villager (Male) |
| 21:25 | Create | Villager (Male) |
| 21:32 | Create | Villager (Male) |
| 21:33 | Build | Farm |
| 21:39 | Build | Stone Wall |
| 21:41 | Build | Stone Wall |
| 21:45 | Create | Petard |
| 21:50 | Build | House |
| 22:05 | Build | Farm |
| 22:15 | Create | Petard |
| 22:19 | Build | House |
| 22:21 | Build | House |
| 23:06 | Create | Organ Gun |
| 23:06 | Create | Organ Gun |
| 23:19 | Create | Villager (Male) |
| 23:42 | Build | Farm |
| 23:48 | Create | Battering Ram |
| 23:49 | Create | Petard |
| 23:49 | Create | Petard |
| 23:49 | Create | Petard |
| 23:53 | Build | Farm |
| 23:58 | Create | Villager (Male) |
| 24:14 | Build | Castle |
| 24:19 | Build | Farm |
| 24:26 | Create | Mangonel |
| 24:35 | Create | Villager (Male) |
| 24:39 | Build | Lumber Camp |
| 24:48 | Create | Petard |
| 24:48 | Create | Petard |
| 25:01 | Create | Villager (Male) |
| 25:11 | Create | Battering Ram |
| 25:38 | Create | Battering Ram |
| 25:47 | Create | Petard |
| 25:47 | Create | Petard |
| 25:48 | Create | Villager (Male) |
| 26:03 | Build | Stone Wall |
| 26:07 | Create | Petard |
| 26:09 | Build | Farm |
Build order — killtabig
First 150 of 162 actions detected
| 0:01 | Create | Villager (Male) |
| 0:05 | Create | Villager (Male) |
| 0:07 | Build | House |
| 0:09 | Create | Villager (Male) |
| 0:09 | Create | Villager (Male) |
| 0:22 | Research | Loom |
| 0:22 | Create | Villager (Male) |
| 0:23 | Create | Villager (Male) |
| 0:23 | Create | Villager (Male) |
| 1:16 | Build | House |
| 1:34 | Build | Palisade Wall |
| 1:38 | Build | Palisade Wall |
| 1:46 | Build | House |
| 2:26 | Build | Palisade Wall |
| 2:27 | Create | Villager (Male) |
| 2:27 | Create | Villager (Male) |
| 2:50 | Create | Villager (Male) |
| 3:11 | Build | Palisade Wall |
| 3:15 | Create | Villager (Male) |
| 3:16 | Create | Villager (Male) |
| 3:26 | Build | Palisade Wall |
| 3:33 | Create | Villager (Male) |
| 3:33 | Create | Villager (Male) |
| 3:40 | Build | Lumber Camp |
| 3:46 | Build | Palisade Wall |
| 3:49 | Create | Villager (Male) |
| 3:49 | Create | Villager (Male) |
| 4:10 | Create | Villager (Male) |
| 4:30 | Build | Palisade Wall |
| 4:31 | Build | Palisade Wall |
| 4:37 | Create | Villager (Male) |
| 4:37 | Create | Villager (Male) |
| 4:43 | Create | Villager (Male) |
| 4:43 | Create | Villager (Male) |
| 5:00 | Build | House |
| 5:07 | Create | Villager (Male) |
| 5:39 | Create | Villager (Male) |
| 6:00 | Create | Villager (Male) |
| 6:01 | Create | Villager (Male) |
| 6:13 | Create | Villager (Male) |
| 6:20 | Build | House |
| 6:26 | Build | House |
| 6:39 | Create | Villager (Male) |
| 7:13 | Build | House |
| 7:13 | Create | Villager (Male) |
| 7:13 | Create | Villager (Male) |
| 7:40 | Create | Villager (Male) |
| 7:45 | Build | Mining Camp |
| 8:11 | Create | Villager (Male) |
| 8:22 | Create | Villager (Male) |
| 8:36 | Build | Mill |
| 8:41 | Create | Villager (Male) |
| 8:50 | Build | Mining Camp |
| 9:18 | Create | Villager (Male) |
| 10:09 | Build | Outpost |
| 10:12 | Research | Feudal Age |
| 12:28 | Create | Villager (Male) |
| 12:32 | Age | Feudal Age |
| 12:33 | Build | Market |
| 12:36 | Build | Blacksmith |
| 12:49 | Build | Mining Camp |
| 12:54 | Create | Villager (Male) |
| 13:18 | Research | Castle Age |
| 13:21 | Build | Mill |
| 13:30 | Research | Fletching |
| 13:52 | Research | Double-Bit Axe |
| 14:55 | Research | Horse Collar |
| 14:57 | Build | Farm |
| 14:58 | Build | Farm |
| 15:34 | Build | Farm |
| 15:58 | Create | Villager (Male) |
| 15:59 | Create | Villager (Male) |
| 16:02 | Age | Castle Age |
| 16:13 | Build | Castle |
| 16:19 | Research | Bodkin Arrow |
| 16:20 | Create | Villager (Male) |
| 16:35 | Create | Villager (Male) |
| 16:49 | Build | Siege Workshop |
| 16:51 | Create | Villager (Male) |
| 17:17 | Create | Longbowman |
| 17:17 | Create | Longbowman |
| 17:36 | Create | Longbowman |
| 17:38 | Create | Longbowman |
| 17:44 | Create | Longbowman |
| 17:55 | Create | Villager (Male) |
| 18:01 | Build | Siege Workshop |
| 18:08 | Create | Longbowman |
| 18:12 | Create | Longbowman |
| 18:39 | Create | Villager (Male) |
| 18:39 | Create | Villager (Male) |
| 19:04 | Create | Mangonel |
| 19:04 | Create | Villager (Male) |
| 19:05 | Create | Villager (Male) |
| 19:05 | Create | Villager (Male) |
| 19:27 | Create | Villager (Male) |
| 19:28 | Create | Villager (Male) |
| 19:55 | Create | Longbowman |
| 20:01 | Create | Villager (Male) |
| 20:02 | Create | Villager (Male) |
| 20:02 | Create | Villager (Male) |
| 20:15 | Build | House |
| 20:20 | Create | Villager (Male) |
| 20:29 | Create | Villager (Male) |
| 20:40 | Create | Longbowman |
| 21:16 | Create | Villager (Male) |
| 21:16 | Create | Villager (Male) |
| 21:20 | Build | Monastery |
| 21:28 | Create | Longbowman |
| 21:28 | Create | Longbowman |
| 21:53 | Create | Monk |
| 21:58 | Build | Farm |
| 21:59 | Build | Farm |
| 22:19 | Create | Mangonel |
| 22:35 | Build | Stone Wall |
| 22:39 | Build | Stone Wall |
| 23:33 | Build | Castle |
| 23:40 | Create | Villager (Male) |
| 23:48 | Build | Mining Camp |
| 23:49 | Build | House |
| 25:54 | Create | Mangonel |
| 26:23 | Research | Imperial Age |
| 27:46 | Create | Mangonel |
| 27:58 | Create | Villager (Male) |
| 28:42 | Build | Lumber Camp |
| 28:48 | Research | Bow Saw |
| 29:18 | Create | Longbowman |
| 29:33 | Build | Farm |
| 29:33 | Age | Imperial Age |
| 29:33 | Build | Farm |
| 29:38 | Create | Trebuchet (Packed) |
| 29:53 | Create | Mangonel |
| 29:56 | Build | Stone Wall |
| 30:10 | Create | Villager (Male) |
| 30:11 | Create | Villager (Male) |
| 30:17 | Create | Trebuchet (Packed) |
| 30:58 | Create | Trebuchet (Packed) |
| 31:20 | Create | Villager (Male) |
| 31:20 | Create | Villager (Male) |
| 31:24 | Build | Farm |
| 31:24 | Build | Farm |
| 31:26 | Build | Farm |
| 31:52 | Build | House |
| 32:08 | Create | Trebuchet (Packed) |
| 32:13 | Build | House |
| 32:42 | Build | House |
| 32:43 | Create | Villager (Male) |
| 32:46 | Build | House |
| 32:55 | Build | Town Center |
| 33:03 | Research | Bracer |
| 33:35 | Create | Longbowman |
Match timeline
| 1:34 | killtabig · wall_segment Palisade Wall x5 |
| 1:38 | killtabig · wall_segment Palisade Wall x3 |
| 2:26 | killtabig · wall_segment Palisade Wall x5 |
| 3:11 | killtabig · wall_segment Palisade Wall x1 |
| 3:26 | killtabig · wall_segment Palisade Wall x1 |
| 3:46 | killtabig · wall_segment Palisade Wall x3 |
| 4:30 | killtabig · wall_segment Palisade Wall x1 |
| 4:31 | killtabig · wall_segment Palisade Wall x1 |
| 5:14 | Player46887455 · wall_segment Palisade Wall x6 |
| 5:57 | Player46887455 · wall_segment Palisade Wall x1 |
| 5:58 | Player46887455 · wall_segment Palisade Wall x1 |
| 7:23 | Player46887455 · wall_segment Palisade Wall x6 |
| 8:13 | Player46887455 · wall_segment Palisade Wall x9 |
| 8:57 | Player46887455 · wall_segment Palisade Wall x1 |
| 8:58 | Player46887455 · wall_segment Palisade Wall x1 |
| 9:30 | Player46887455 · wall_segment Palisade Wall x1 |
| 12:32 | killtabig · age_up feudal |
| 13:09 | Player46887455 · age_up feudal |
| 13:24 | Player46887455 · wall_segment Palisade Wall x1 |
| 13:57 | Player46887455 · first_market_sell 100 stone |
| 16:02 | killtabig · age_up castle |
| 16:13 | killtabig · first_building Castle |
| 16:39 | Player46887455 · age_up castle |
| 16:41 | Player46887455 · first_building Castle |
| 16:46 | Player46887455 · first_building Siege Workshop |
| 16:49 | killtabig · first_building Siege Workshop |
| 17:10 | Player46887455 · wall_segment Stone Wall x10 |
| 17:42 | Player46887455 · wall_segment Stone Wall x14 |
| 18:24 | Player46887455 · first_market_buy 100 wood |
| 20:43 | Player46887455 · wall_segment Stone Wall x1 |
| 21:20 | killtabig · first_building Monastery |
| 21:39 | Player46887455 · wall_segment Stone Wall x1 |
| 21:41 | Player46887455 · wall_segment Stone Wall x1 |
| 22:17 | killtabig · first_market_buy 100 wood |
| 22:35 | killtabig · wall_segment Stone Wall x3 |
| 22:39 | killtabig · wall_segment Stone Wall x2 |
| 23:17 | killtabig · first_market_sell 100 food |
| 26:03 | Player46887455 · wall_segment Stone Wall x1 |
| 29:33 | killtabig · age_up imperial |
| 29:56 | killtabig · wall_segment Stone Wall x1 |
| 31:45 | Player46887455 · wall_segment Stone Wall x2 |
| 32:08 | Player46887455 · age_up imperial |
| 32:30 | Player46887455 · wall_segment Stone Wall x1 |
[ AI ANALYSIS · 1 CREDIT ]
What really happened in this match?
Wolo.gg analyzes every decision: build order, eco, micro, common mistakes by bracket. Personalized analysis on WhatsApp or Discord in 30 seconds.
Civ guide
Portuguese
Perfil
Jugador #25495124